 Dungeon Crawl Stone Soup version 0.31.0-9-g3a7656b989 (webtiles) character file.

Game seed: 10726805505862113722

130 qw the Ducker (level 4, -2/23 HPs)
             Began as a Spriggan Hunter on Feb 2, 2024.
             Slain by a +2 whip of the Aged Runes {spect, rF++ Str-4 Int+4} (10 damage)
             ... created by an orc
             ... on level 3 of the Dungeon.
             The game lasted 00:00:06 (1292 turns).

qw the Ducker (Spriggan Hunter)                     Turns: 1292, Time: 00:00:07

Health: -2/23      AC:  3    Str:  7    XL:     4   Next: 90%
Magic:  0/5        EV: 20    Int: 13    God:
Gold:   102        SH:  0    Dex: 20    Spells: 3/3 levels left

rFire   . . .        a - +1 shortbow
rCold   . . .        (shield currently unavailable)
rNeg    . . .        c - +0 robe
rPois   .            (helmet restricted)
rElec   .            b - +0 cloak "Perchic" {Int+3}
rCorr   .            (gloves unavailable)
SInv    +            (boots unavailable)
Will    .....        f - amulet of guardian spirit
Stlth   ++           (no ring)
HPRegen 0.23/turn    (no ring)
MPRegen 0.09/turn

%: guardian spirit
@: very quick
A: very small, no large weapons, unfitting armour, see invisible, speed 3
a: no special abilities


You were on level 3 of the Dungeon.
You visited 1 branch of the dungeon, and saw 3 of its levels.

You collected 102 gold pieces.


Innate Abilities, Weirdness & Mutations

You are very small and have problems with some larger weapons.
You are too small for most types of armour.
You have supernaturally acute eyesight. (SInv)
You cover ground extremely quickly. (Speed+++)


   Skills:
 - Level 2.1 Fighting
 + Level 5.0 Ranged Weapons
 - Level 5.1 Dodging
 - Level 1.5 Stealth


You had 3 spell levels left.
You didn't know any spells.
Your spell library was empty.

Inventory:

Hand Weapons
 a - a +1 shortbow (weapon)
Armour
 b - the +0 cloak "Perchic" (worn) {Int+3}
   (You found it on level 2 of the Dungeon)

   Int+3:     It affects your intelligence (+3).
 c - a +0 robe (worn)
Jewellery
 d - a +6 ring of intelligence
 f - an amulet of guardian spirit (around neck)
Wands
 e - a wand of flame (19)
Scrolls
 g - a scroll of teleportation
 i - a scroll of fog {unknown}
Potions
 h - a potion of heal wounds

Dungeon Overview and Level Annotations

Branches:
Dungeon (3/15)

Altars:
Kikubaaqudgha
Uskayaw


Message History

The adder hisses angrily.
The quokka misses you. The quokka completely misses you.
A dart slug comes into view.
You shoot an arrow. The arrow hits the quokka.
You kill the quokka!
You shoot an arrow. The arrow hits the dart slug.
The dart slug is heavily wounded.
An orc comes into view. It is wielding a +0 club.
You shoot an arrow.
The arrow hits the dart slug but does no damage.
The dart slug is heavily wounded.
The dart slug launches a dart at you. The slug dart hits you.
You shoot an arrow. The arrow hits the dart slug.
You kill the dart slug!
The adder bites you but does no damage. The adder barely misses you.
You shoot an arrow. The arrow misses the adder.
The adder misses you.
You shoot an arrow. The arrow closely misses the adder.
The adder bites you but does no damage. The adder barely misses you.
You shoot an arrow. The arrow closely misses the adder.
The adder closely misses you.
The orc hits you with the +2 whip of the Aged Runes {spect, rF++ Str-4 Int+4}.
The adder barely misses you.
You shoot an arrow. The arrow misses the adder.
The orc misses you. The adder misses you.
The orc hits you with the +2 whip of the Aged Runes {spect, rF++ Str-4 Int+4}.
You shoot an arrow. The arrow hits the adder.
The adder is lightly wounded.
The adder completely misses you. The adder misses you. The orc misses you.
You shoot an arrow. The arrow hits the adder!
You kill the adder!
The orc hits you with the +2 whip of the Aged Runes {spect, rF++ Str-4 Int+4}.
The +2 whip of the Aged Runes {spect, rF++ Str-4 Int+4} hits you!
Your Fighting skill increases to level 2!
A +2 whip of the Aged Runes {spect, rF++ Str-4 Int+4} comes into view.
You shoot an arrow. The arrow closely misses the orc.
The orc barely misses you.
The +2 whip of the Aged Runes {spect, rF++ Str-4 Int+4} hits you!
You die...

# ## . ## .#
.# .. .# #. ..
.# #. ### . #.
%#. .. ...
#.#o# .#..##
#.(@###......
#...#.#.%.# .#
#. #$#.#.# #.#
...###...##..#
............#
.##.####....#
# #....# #.
+....# #.#
#....# #.##


You could see a +2 whip of the Aged Runes {spect, rF++ Str-4 Int+4} (wandering)
and an orc.

Vanquished Creatures
  6 adders
  3 dart slugs
  2 ribbon worms (D:2)
  3 orcs (D:3)
  6 endoplasms
  5 goblins
  7 hobgoblins
  5 quokkas
  6 ball pythons
  3 bats
  5 frilled lizards
  8 kobolds
  6 rats
65 creatures vanquished.

Notes
Turn   | Place    | Note
-------+----------+-------------------------------------------
     0 | D:1      | qw the Spriggan Hunter began the quest for the Orb.
     0 | D:1      | Reached XP level 1. HP: 10/10 MP: 2/2
     0 | D:1      | 0 ||| qw: Version: 0.3-a-155-g5e7d8dd
     0 | D:1      | 0 ||| qw: Game counter: 1696
     0 | D:1      | 0 ||| qw: Melee chars always use a shield: true
     0 | D:1      | 0 ||| qw: God list: Okawaru
     0 | D:1      | 0 ||| qw: Allow faded altars: false
     0 | D:1      | 0 ||| qw: Do Orc after clearing Dungeon:15 true
     0 | D:1      | 0 ||| qw: Do second Lair branch before Depths: true
     0 | D:1      | 0 ||| qw: Lair rune preference: random
     0 | D:1      | 0 ||| qw: Goals: Normal
     0 | D:1      | 0 ||| PLANNING D:1-11
    20 | D:1      | Reached skill level 3 in Dodging
    77 | D:1      | Reached XP level 2. HP: 14/14 MP: 3/3
   404 | D:1      | 404 ||| UPGRADING to amulet of guardian spirit.
   409 | D:1      | 409 ||| READING scroll labelled IDEAMM YLLEPY.
   410 | D:1      | 410 ||| READING scroll labelled EDIOTOF RUVIGH.
   413 | D:1      | 413 ||| READING scroll labelled SINOFE WINO.
   413 | D:1      | 413 ||| ENCHANTING +0 shortbow.
   414 | D:1      | 414 ||| DRINKING 2 yellow potions.
   415 | D:1      | 415 ||| DROPPING scroll of butterflies.
   458 | D:2      | 458 ||| STAIRDANCE
   462 | D:1      | Reached XP level 3. HP: 17/18 MP: 2/4
   580 | D:2      | Identified the +0 cloak "Perchic" {Int+3}
   623 | D:2      | Found a hide-covered altar of Uskayaw.
   861 | D:2      | Reached XP level 4. HP: 22/22 MP: 5/5
  1022 | D:2      | 1022 ||| UPGRADING to +0 cloak "Perchic" {Int+3}.
  1254 | D:3      | Found an ancient bone altar of Kikubaaqudgha.
  1286 | D:3      | Identified the +2 whip of the Aged Runes {spect, rF++ Str-4
                  | Int+4}
  1292 | D:3      | Slain by a +2 whip of the Aged Runes {spect, rF++ Str-4
                  | Int+4}

Levels and vault maps discovered:
D:1:      amcnicky_arrival_double_pillar, layout_rooms
D:2:      layout_basic, basic_altar, st_stairs_8
D:3:      layout_basic, tgw_kikubaaqudgha, corexii_item_surrounded_by_moat,
          grunt_decor_one_mirror, minmay_starry_boxes

Skill      XL: |  1  2  3  4 |
---------------+-------------+-----
Dodging        | 3 4 5 |  5.1
Ranged Weapons | 5 |  5.0
Fighting       | 2 |  2.1
Stealth        | |  1.5

Action                     |  1- 3 |  4- 6 || total
---------------------------+-------+-------++-------
   Fire: Shortbow          |   102 |    75 ||   177
    Use: Scroll            |     3 |       ||     3
         Potion            |     1 |       ||     1
 Armour: Robe              |    11 |    15 ||    26
  Dodge: Dodged            |    35 |    45 ||    80

Table legend:
 A = Non-vault XP
 B = Vault XP
 C = Vault XP percentage of total XP
 D = Non-vault monster count
 E = Vault monster count
 F = Vault count percentage of total count
                 A         B        C        D         E       F
            +---------+---------+-------+---------+---------+-------
      Total |     152 |      35 |  18.7 |      59 |       6 |   9.2
            +---------+---------+-------+---------+---------+-------
        D:1 |      39 |       1 |   2.5 |      23 |       1 |   4.2
        D:2 |      64 |       0 |   0.0 |      23 |       0 |   0.0
        D:3 |      49 |      34 |  41.0 |      13 |       5 |  27.8
            +---------+---------+-------+---------+---------+-------
